 Dungeon Sprint DCSS version 0.29-a0-613-gf2c431b9b9 (webtiles) character file.

Game seed: 6214684884462727285

51 mhtbhm the Summoner (level 3, -2/19 HPs)
             Began as a Tengu Summoner on June 16, 2022.
             Drowned by a water elemental (7 damage)
             ... in the Dungeon (Sprint III: "The Ten Rune Challenge").
             The game lasted 00:02:44 (521 turns).

mhtbhm the Summoner (Tengu Summoner)                 Turns: 521, Time: 00:02:45

Health: -2/19      AC:  3    Str:  8    XL:     3   Next: 81%
Magic:  5/8        EV: 13    Int: 17    God:
Gold:   16         SH:  0    Dex: 14    Spells: 2/8 levels left

rFire   . . .      SeeInvis .   (no weapon)
rCold   . . .      Faith    .   (no shield)
rNeg    . . .      Spirit   .   a - +0 robe
rPois   .          Reflect  .   (helmet restricted)
rElec   .          Harm     .   f - +0 cloak
rCorr   .          Rampage  .   (no gloves)
Will    .....      NoTele   +   (boots unavailable)
Stlth   ++........              (no amulet)
HPRegen 0.06/turn               (no ring)
MPRegen 0.11/turn               (no ring)

@: engulfed (cannot breathe)
A: beak, talons 3
a: no special abilities


You were in the Dungeon.
You visited 1 branch You collected 16 gold pieces.

Inventory:

Armour
 a - a +0 robe (worn)
 f - a +0 cloak (worn)
Scrolls
 h - a scroll of fog {unknown}
 j - 2 scrolls of torment {unknown}
 k - 3 scrolls of identify
Potions
 b - 2 potions of magic
 c - a potion of curing
 d - 2 potions of heal wounds
 e - a potion of degeneration {unknown}
 i - 6 potions of mutation
 l - a potion of flight {unknown}


   Skills:
 + Level 2.9 Dodging
 + Level 2.5 Stealth
 + Level 0.3 Unarmed Combat
 + Level 3.3 Spellcasting
 + Level 8.6 Summonings


You had 2 spell levels left.
You knew the following spells:

 Your Spells              Type           Power      Damage    Failure   Level
a - Summon Small Mammal   Summ           100%       N/A       1%          1
b - Call Imp              Summ           32%        N/A       1%          2
c - Call Canine Familiar  Summ           32%        N/A       1%          3

Your spell library contained the following spells:

 Spells                   Type           Power      Damage    Failure   Level
 Summon Guardian Golem    Hex/Summ       17%        N/A       9%          3
 Summon Lightning Spire   Summ/Air       17%        N/A       28%         4


Dungeon Overview and Level Annotations

Branches:
Dungeon (1/1)

Altars:


Innate Abilities, Weirdness & Mutations

You have a beak for a mouth.
You have claws for feet.


Message History

Unknown command.
Unknown command.
There is an open door to the Ecumenical Temple here.
There is a fountain of clear blue water here.
Casting: Summon Small Mammal (safe; 1% risk of failure)
Confirm with . or Enter, or press ? or * to list all spells.
Your quokka bites the water elemental.
Sorry, you're not good enough to have a special ability.
Magic courses through your body.
Your quokka bites the water elemental.
The water elemental hits your quokka!
Your quokka dies!
Your quokka's corpse disappears in a puff of smoke!
Casting: Summon Small Mammal (safe; 1% risk of failure)
Confirm with . or Enter, or press ? or * to list all spells.
A beastly little devil appears in a puff of flame.
Your quokka barely misses the water elemental.
Unknown command.
Casting: Call Imp (safe; 1% risk of failure)
Confirm with . or Enter, or press ? or * to list all spells.
Your quokka disappears in a puff of smoke!
The water elemental hits you.
The water elemental engulfs you in water!
Your crimson imp blinks!
Unknown command.
You slip free of the water engulfing you.
Your lungs strain for air!
The water elemental barely misses you.
Your quokka bites the water elemental but does no damage.
Your crimson imp hits the water elemental but does no damage.
Unknown command.
You slip free of the water engulfing you.
* * * LOW HITPOINT WARNING * * *
Your lungs strain for air!
Your quokka barely misses the water elemental.
The water elemental barely misses you.
Your crimson imp barely misses the water elemental.
Unknown command.
You swap places.
You slip free of the water engulfing you.
You die...

▓ ▓▓▓ ♣♣♣ ♣.# ..♣
♣.# ..♣♣ ♣.# .≈.♣
♣.###+#+###+##
≈≈♣♣♣♣♣.#.......@r.#
≈≈≈..♣♣.'.⌠.....5E.#
≈≈≈≈≈...#...######+#
≈≈≈≈....#.⌠.#
≈≈5.....#...#
≈.......#+###
........# ........#
▓▓▓▓▓▓▓▓▓


You could see a water elemental (ally target), a friendly crimson imp (summoned)
and a friendly quokka (summoned).

Vanquished Creatures
  A human (D)
  A rat (D)
2 creatures vanquished.

Vanquished Creatures (collateral kills)
  Crazy Yiuf (D)
  2 endoplasms (D)
  A rat (D)
4 creatures vanquished.

Grand Total: 6 creatures vanquished

Notes
Turn   | Place    | Note
-------+----------+-------------------------------------------
     0 | D        | mhtbhm the Tengu Summoner began the quest for the Orb.
     0 | D        | Reached XP level 1. HP: 10/10 MP: 4/4
     9 | D        | Reached skill level 5 in Summonings
   190 | D        | Reached skill level 7 in Summonings
   190 | D        | Reached XP level 2. HP: 10/15 MP: 2/6
   360 | D        | Learned a level 2 spell: Call Imp
   362 | D        | Noticed Crazy Yiuf
   377 | D        | Killed Crazy Yiuf
   378 | D        | Reached skill level 8 in Summonings
   378 | D        | Reached XP level 3. HP: 19/19 MP: 1/8
   476 | D        | Learned a level 3 spell: Call Canine Familiar
   480 | D        | Noticed a water elemental
   521 | D        | Drowned by a water elemental

Illustrated notes

Levels and vault maps discovered:
D:        dungeon_sprint_mu [sprint_mu_entry_forest, sprint_mu_temple_rooms,
          sprint_mu_d1_horrors, sprint_mu_d2_genie, sprint_mu_d3_branching,
          sprint_mu_orc_legion, sprint_mu_elf_gauntlet, sprint_mu_hive_nellie,
          sprint_mu_lair_fedhas, sprint_mu_vaults_butterflies,
          sprint_mu_slime_circle, sprint_mu_shoals_archi,
          sprint_mu_snake_twists, sprint_mu_blade_basic,
          sprint_mu_crypt_chambers, sprint_mu_tomb_spiral,
          sprint_mu_vestibule_basic, sprint_mu_gehenna_hellfire,
          sprint_mu_dis_giant, sprint_mu_tartarus_statrot,
          sprint_mu_cocytus_islands, sprint_mu_zot1]

Skill      XL: |  1  2 |
---------------+-------+-----
Summonings     | 7 8 |  8.6
Spellcasting   | 3 |  3.3
Dodging        | |  2.9
Stealth        | |  2.5
Unarmed Combat | |  0.3

Action                   || total
-------------------------++-------
Melee: Unarmed           ||     7
       Kick              ||     4
       Peck              ||     2
 Cast: Summon Small Mamm ||    13
       Call Imp          ||     5
       Call Canine Famil ||     1
  Use: Potion            ||     3
       Scroll            ||     1
Dodge: Dodged            ||     4

Table legend: (Time is in decaauts)
 A = Elapsed time spent in this place.
 B = Non-inter-level travel time spent in this place.
 C = Inter-level travel time spent in this place.
 D = Time resting spent in this place.
 E = Time spent auto-exploring this place.
 F = Levels seen in this place.
 G = Mean time per level.
                   A        B        C        D        E       F      G
               +--------+--------+--------+--------+--------+-----+--------+
         Total |    516 |    516 |      0 |    323 |      0 |   1 |  516.0 |
       Dungeon |    516 |    516 |      0 |    323 |      0 |   1 |  516.0 |
               +--------+--------+--------+--------+--------+-----+--------+

Top non-repeatable levels by time:
       D: 516 daAuts
